 Dungeon Crawl Stone Soup version 0.17.1-2-g5865329 (webtiles) character file.

71 Metrazal the Sneak (level 4, 0/22 HPs)
             Began as a Spriggan Assassin on Feb 7, 2016.
             Succumbed to an adder's poison
             ... on level 2 of the Dungeon.
             The game lasted 00:09:01 (1371 turns).

Metrazal the Sneak (Spriggan Assassin)              Turns: 1371, Time: 00:09:01

Health: 0/22       AC:  3    Str:  7    XL:     4   Next: 5%
Magic:  5/5        EV: 19    Int: 12    God:
Gold:   79         SH:  0    Dex: 18    Spells: 0 memorised, 3 levels left

rFire  + . .     SeeInvis +     c - +0 hunting sling
rCold  x . .     Clarity  .     q - +0 robe
rNeg   . . .     SustAt   .     (shield restricted)
rPois  .         Gourm    .     (helmet restricted)
rElec  .         Spirit   .     d - +0 cloak
rCorr  .         Warding  .     (gloves unavailable)
rMut   .         Stasis   .     (boots unavailable)
MR     .....                    (no amulet)
Stlth  ++++......               (no ring)
                                i - ring of fire

@: lethally poisoned (0 -> -7), very quick, not resistant to hostile
enchantments, stealthy
A: unfitting armour, see invisible, herbivore 3, speed 3, slow metabolism 2
a: no special abilities


You were on level 2 of the Dungeon.
You were not hungry.

You visited 1 branch of the dungeon, and saw 2 of its levels.

You collected 79 gold pieces.

Inventory:

Hand Weapons
 a - a +2 dagger
 b - a +0 blowgun
 c - a +0 hunting sling (weapon)
Missiles
 e - 7 poisoned needles
 f - 2 curare-tipped needles
 n - 36 stones (quivered)
 o - 6 arrows
 p - 18 sling bullets
Armour
 d - a +0 cloak (worn)
 q - a +0 robe (worn)
Jewellery
 i - a ring of fire (left hand)
Scrolls
 h - 5 scrolls of identify {unknown}
 k - a scroll of magic mapping {unknown}
 l - a scroll of remove curse {unknown}
 m - a scroll of enchant weapon {unknown}
Comestibles
 g - 3 bread rations


   Skills:
 - Level 1.5 Fighting
 - Level 2.1 Short Blades
 - Level 2.0 Throwing
 + Level 4.0 Dodging
 + Level 7.3 Stealth


You had 3 spell levels left.
You didn't know any spells.

Dungeon Overview and Level Annotations

Branches:
Dungeon (2/15)

Altars:


Innate Abilities, Weirdness & Mutations

You are tiny and cannot use many weapons and most armour.
You have supernaturally acute eyesight.
You are a herbivore.
You cover ground extremely quickly.
You need consume almost no food.


Message History

The adder closely misses you.
Firing (i - inventory. (,) - cycle):
n - 38 stones (quivered)
Press: ? - help, Shift-Dir - straight line, f/p - adder
Aim: an adder You shoot a stone.
The stone hits the adder.
The adder is lightly wounded.
The adder bites you.
* * * LOW HITPOINT WARNING * * *
* * * LOW HITPOINT WARNING * * *
You feel sick.
Firing (i - inventory. (,) - cycle):
n - 37 stones (quivered)
Press: ? - help, Shift-Dir - straight line, f/p - adder
Aim: an adder (lightly wounded)
You shoot a stone.
The stone hits the adder but does no damage.
The adder is lightly wounded.
The adder completely misses you. The adder bites you.
* * * LOW HITPOINT WARNING * * *
It was a potion of magic.
Magic courses through your body.
You die...

##.. ##...≈#
#....#...#≈≈#
#........####
#....##..## #####
#.... #...##....##
##.. #.#........#.
#. #.##.........
## #.##.#...?#.#
##...@S(.(...(
#####.>.##.###...#
#......###..# # #
######.# ##.# .#
#.# ##.##.#
##.###.....#
#..)##...###
#...###.##
#....†.†.#


You could see an adder.

Vanquished Creatures
  Terence (D:2)
  2 oozes
  2 worms (D:2)
  2 giant geckos (D:1)
  2 giant cockroaches (D:1)
  5 goblins
  4 hobgoblins (D:1)
  4 kobolds
  3 bats (D:2)
  2 giant newts
  4 rats
31 creatures vanquished.

Notes
Turn   | Place    | Note
--------------------------------------------------------------
     0 | D:1      | Metrazal the Spriggan Assassin began the quest for the Orb.
     0 | D:1      | Reached XP level 1. HP: 10/10 MP: 2/2
    10 | D:1      | Reached skill level 6 in Stealth
   242 | D:1      | Reached XP level 2. HP: 14/14 MP: 3/3
  1032 | D:2      | Reached XP level 3. HP: 18/18 MP: 4/4
  1113 | D:2      | Noticed Terence
  1137 | D:2      | Killed Terence
  1137 | D:2      | Reached skill level 7 in Stealth
  1191 | D:2      | Reached XP level 4. HP: 22/22 MP: 5/5
  1370 | D:2      | HP: 1/22 [adder (4)]
  1371 | D:2      | Succumbed to an adder's poison

Action                   |  1- 3 |  4- 6 || total
-------------------------+-------+-------++-------
Melee: Dagger            |    69 |     5 ||    74
 Fire: Blowgun           |    10 |     3 ||    13
       Hunting sling     |       |    11 ||    11
Throw: Stone             |     2 |       ||     2
  Use: Potion            |       |     1 ||     1
 Stab: Sleeping          |    15 |       ||    15
